 Dungeon Crawl Stone Soup version 0.20.0-15-g7f486f2 (webtiles) character file.

167 Sunburn the Firebug (level 5, -3/49 HPs)
             Began as an Ogre Fire Elementalist on June 24, 2017.
             Killed from afar by an orc wizard (10 damage)
             ... with a puff of flame
             ... on level 5 of the Dungeon.
             The game lasted 00:14:11 (4617 turns).

Sunburn the Firebug (Ogre Fire Elementalist)        Turns: 4617, Time: 00:14:12

Health: -3/49      AC:  6    Str: 10 (12) XL:     5   Next: 48%
Magic:  7/10       EV:  9    Int: 15 (17) God:
Gold:   31         SH:  0    Dex:  6 (9)  Spells: 4/11 levels left

rFire    . . .     SeeInvis .   g - +0 flail
rCold    . . .     Gourm    .   (no shield)
rNeg     + . .     Faith    .   h - +2 robe "Meafev" {rPois rN+ Regen+}
rPois    +         Spirit   .   (helmet restricted)
rElec    .         Reflect  .   l - +0 cloak
rCorr    .         Harm     .   (gloves unavailable)
MR       .....                  (boots unavailable)
Stlth    +.........             (no amulet)
Regen    0.6/turn               (no ring)
MPRegen  0.2/turn               (no ring)

@: very slightly contaminated
A: unfitting armour, tough skin 1
a: no special abilities


You were on level 5 of the Dungeon.
You were not hungry.

You visited 1 branch of the dungeon, and saw 5 of its levels.

You collected 79 gold pieces.
You spent 48 gold pieces at shops.

Inventory:

Hand Weapons
 e - a +1 whip of draining
 g - a +0 flail (weapon)
Missiles
 d - 67 stones (quivered)
Armour
 h - the +2 robe "Meafev" (worn) {rPois rN+ Regen+}
   (You found it on level 4 of the Dungeon)

   It protects you from poison.
   It protects you from negative energy.
   It increases your rate of regeneration.
 l - a +0 cloak (worn)
Books
 b - a book of Flames

   Spells                             Type                      Level
   a - Flame Tongue                   Conjuration/Fire             1
   b - Throw Flame                    Conjuration/Fire             2
   c - Conjure Flame                  Conjuration/Fire             3
   d - Inner Flame                    Hexes/Fire                   3
   e - Sticky Flame                   Conjuration/Fire             4
   f - Fireball                       Conjuration/Fire             5
 c - a book of Cantrips

   Spells                             Type                      Level
   a - Confusing Touch                Hexes                        1
   b - Animate Skeleton               Necromancy                   1
   c - Summon Small Mammal            Summoning                    1
   d - Apportation                    Translocation                1
Comestibles
 i - 9 chunks of flesh


   Skills:
 + Level 2.1 Fighting
 + Level 0.5 Maces & Flails
 - Level 0.2 Throwing
 - Level 1.7 Dodging
 - Level 1.4 Stealth
 * Level 3.6 Spellcasting
 * Level 2.5 Conjurations
 * Level 3.6 Fire Magic


You had 4 spell levels left.
You knew the following spells:

 Your Spells              Type           Power        Failure   Level  Hunger
a - Flame Tongue          Conj/Fire      ##...        5%          1    None
b - Throw Flame           Conj/Fire      ##....       8%          2    ##.....
c - Conjure Flame         Conj/Fire      ##......     16%         3    ###....
d - Apportation           Tloc           #.....       19%         1    None


Dungeon Overview and Level Annotations

Branches:
Dungeon (5/15)
 Temple: D:4-7

Altars:
Qazlal
Sif Muna
Trog

Shops:
D:4 *

Annotations:
D:3 Sunburn's ghost, weakling OgFE


Innate Abilities, Weirdness & Mutations

You are too large for most types of armour.
You have tough skin. (AC +1)


Message History

Okay, then.
Casting: Flame Tongue
Confirm with . or Enter, or press ? or * to list all spells.
Aiming: Conjure Flame
Press: ? - help, Dir - move target cursor, f - you
Okay, then.
You open the door. Something hits you but does no damage.
Found a hand crossbow.
Found a bloodstained altar of Trog and a stormy altar of Qazlal.
Found a deep blue altar of Sif Muna.
There is an open door here.
Casting: Conjure Flame
Confirm with . or Enter, or press ? or * to list all spells.
Aiming: Conjure Flame
Press: ? - help, Dir - move target cursor The fire ignites!
You hear some strange, mumbled words.
A puff of flame appears from out of thin air!
The puff of flame hits you!
You die...

#.# .. #.#####
##P#_P_)_##
.PPP.....#
#...⌠...# #.....#
.###.####@###...
.......<.§.......
#.....)..........
.................
#.............###
#.............#
##########....#
....# ....#


There were no monsters in sight!

Vanquished Creatures
  An orc wizard (D:4)
  Terence (D:2)
  4 adders
  An ooze (D:3)
  3 dart slugs
  2 orcs
  4 giant cockroaches
  11 goblins
  5 hobgoblins
  4 jackals (D:3)
  A quokka (D:2)
  3 ball pythons
  2 bats (D:1)
  7 frilled lizards
  12 kobolds
  6 rats
67 creatures vanquished.

Notes
Turn   | Place    | Note
-------+----------+-------------------------------------------
     0 | D:1      | Sunburn the Ogre Fire Elementalist began the quest for the Orb.
     0 | D:1      | Reached XP level 1. HP: 16/16 MP: 3/3
    91 | D:1      | Reached skill level 1 in Conjurations
   418 | D:1      | Reached XP level 2. HP: 26/26 MP: 3/5
   452 | D:1      | Reached skill level 1 in Fighting
   460 | D:1      | Learned a level 2 spell: Throw Flame
   769 | D:1      | Reached XP level 3. HP: 15/33 MP: 2/6
   934 | D:1      | Learned a level 3 spell: Conjure Flame
  1937 | D:2      | Learned a level 1 spell: Apportation
  1984 | D:2      | Noticed Terence
  2270 | D:2      | Reached XP level 4. HP: 42/42 MP: 1/8
  2593 | D:2      | Killed Terence
  3167 | D:2      | Found a faded altar of an unknown god.
  3483 | D:3      | Noticed Sunburn's ghost (weakling OgFE)
  4214 | D:3      | Reached XP level 5. HP: 32/49 MP: 3/9
  4387 | D:4      | Got a slimy robe
  4388 | D:4      | Identified the +2 robe "Meafev" {rPois rN+ Regen+} (You found it on level 4 of the Dungeon)
  4406 | D:4      | Found Hiux's Assorted Antiques.
  4416 | D:4      | Bought a scroll of identify for 48 gold pieces
  4608 | D:5      | Entered Level 5 of the Dungeon
  4615 | D:5      | Found a bloodstained altar of Trog.
  4615 | D:5      | Found a stormy altar of Qazlal.
  4616 | D:5      | Found a deep blue altar of Sif Muna.
  4617 | D:5      | Killed from afar by an orc wizard

Skill      XL: |  1  2  3  4 |
---------------+-------------+-----
Conjurations   | 1 2 |  2.5
Fighting       | 1 2 |  2.1
Fire Magic     | 3 |  3.6
Spellcasting   | 3 |  3.6
Maces & Flails | |  0.5
Throwing       | |  0.2
Dodging        | |  1.7
Stealth        | |  1.4

Action                   |  1- 3 |  4- 6 || total
-------------------------+-------+-------++-------
Melee: Dagger            |    20 |       ||    20
       Unarmed           |     7 |       ||     7
       Club              |     9 |       ||     9
       Whip              |    39 |       ||    39
       Flail             |       |    88 ||    88
       Mace              |       |    15 ||    15
Throw: Stone             |    58 |       ||    58
 Cast: Flame Tongue      |    22 |    15 ||    37
       Throw Flame       |    15 |    18 ||    33
       Conjure Flame     |     1 |     5 ||     6
  Use: Scroll            |     1 |     3 ||     4
       Potion            |       |     4 ||     4
 Stab: Sleeping          |       |     1 ||     1
  Eat: Chunk             |     2 |     1 ||     3
       Bread ration      |     1 |       ||     1
       Meat ration       |       |     2 ||     2
Armor: Robe              |    30 |    50 ||    80
Dodge: Dodged            |    38 |    92 ||   130
